 Dungeon Crawl Stone Soup version 0.19-a0-1937-g70ed36a (webtiles) character file.

116 varam the Conjurer (level 4, -4/24 HPs)
             Began as a Deep Elf Conjurer on Oct 26, 2016.
             Slain by a gnoll
             ... wielding a +0 flail
              (11 damage)
             ... on level 3 of the Dungeon.
             The game lasted 00:06:17 (1646 turns).

varam the Conjurer (Deep Elf Conjurer)              Turns: 1646, Time: 00:06:18

Health: -4/24      AC:  2    Str:  5    XL:     4   Next: 70%
Magic:  2/11       EV: 13    Int: 21    God:
Gold:   93         SH:  0    Dex: 15    Spells: 2 memorised, 4 levels left

rFire  . . .     SeeInvis .     n - +2 whip (pain)
rCold  . . .     Gourm    .     a - +0 robe
rNeg   . . .     Faith    .     (no shield)
rPois  .         Spirit   .     (no helmet)
rElec  .         Reflect  .     (no cloak)
rCorr  .         Harm     .     (no gloves)
MR     .....                    (no boots)
Stlth  ++........               (no amulet)
                                (no ring)
                                (no ring)

@: no status effects
A: no striking features
a: no special abilities


You were on level 3 of the Dungeon.
You were hungry.

You visited 1 branch of the dungeon, and saw 4 of its levels.

You collected 93 gold pieces.

Inventory:

Hand Weapons
 n - a +2 whip of pain (weapon)
Armour
 a - a +0 robe (worn)
 k - a +0 buckler
Scrolls
 d - 2 scrolls of fog {unknown}
 g - a scroll of immolation {unknown}
 h - a scroll of remove curse {unknown}
 j - a scroll of identify {unknown}
 m - a scroll of random uselessness {unknown}
 o - a scroll of teleportation {unknown}
 r - a scroll of fear {unknown}
 s - a scroll of recharging {unknown}
Potions
 e - 3 potions of brilliance {unknown}
 i - a potion of mutation {unknown}
 l - a potion of flight {unknown}
Books
 b - a book of Conjurations

   Spells                             Type                      Level
   a - Magic Dart                     Conjuration                  1
   b - Searing Ray                    Conjuration                  2
   c - Dazzling Spray                 Conjuration/Hexes            3
   d - Fulminant Prism                Conjuration/Hexes            4
   e - Iskenderun's Mystic Blast      Conjuration                  4
   f - Iskenderun's Battlesphere      Conjuration/Charms           5
Comestibles
 c - 3 bread rations
 f - 3 chunks of flesh
 p - 2 meat rations
 q - a beef jerky
 t - a slice of pizza


   Skills:
 + Level 0.7 Maces & Flails
 - Level 2.4 Dodging
 - Level 2.4 Stealth
 * Level 0.7 Shields
 + Level 3.3 Spellcasting
 * Level 6.2 Conjurations


You had 4 spell levels left.
You knew the following spells:

 Your Spells              Type           Power        Failure   Level  Hunger
a - Magic Dart            Conj           ####         1%          1    None
b - Iskenderun's Mystic   Conj           ####....     12%         4    ####...


Dungeon Overview and Level Annotations

Branches:
Dungeon (4/15)
 Temple: D:4-7

Altars:
Cheibriados

Annotations:
D:4 Robin


Message History

Aiming: Magic Dart
Press: ? - help, Shift-Dir - straight line, f/p - gnoll
Aim: a gnoll (severely wounded)
The magic dart hits the gnoll.
You kill the gnoll!
Casting: Magic Dart
Confirm with . or Enter, or press ? or * to list all spells.
Aiming: Magic Dart
Press: ? - help, Shift-Dir - straight line, f - gnoll
Aim: a gnoll, wielding a flail The magic dart hits the gnoll.
The gnoll is lightly wounded.
The gnoll closely misses you.
You hit the gnoll.
The gnoll is moderately wounded.
The gnoll hits you with a flail! The gnoll hits you with a flail!
* * * LOW HITPOINT WARNING * * *
The gnoll hits you with a flail!
You die...

#.##.#.# ##### ##.##
#......# .# ####.###
#.###### ##+##
#.##...# ##...##
#......# ##.....##
####...# ##.......## #
##..g####.........####
#....@............'...
##...###..........####
#...# #.#..)....## #
#.#.# #.##.....##
#...# #.###>..## #.###
#.# ##'######## #. #.#
#.#....... ..#
#.#.###### ## ##>#.# #


You could see a gnoll.

Vanquished Creatures
  A hound skeleton (D:4)
  An adder (D:3)
  3 gnolls (D:3)
  An ooze (D:1)
  2 worms (D:2)
  2 dart slugs (D:1)
  A leopard gecko (D:3)
  2 orcs (D:3)
  7 bats
  A giant cockroach (D:2)
  6 goblins
  5 hobgoblins
  3 jackals (D:3)
  7 kobolds
  A quokka (D:3)
  A ball python (D:3)
  3 frilled lizards
  5 rats
52 creatures vanquished.

Notes
Turn   | Place    | Note
-------+----------+-------------------------------------------
     0 | D:1      | varam the Deep Elf Conjurer began the quest for the Orb.
     0 | D:1      | Reached XP level 1. HP: 10/10 MP: 6/6
    93 | D:1      | Reached skill level 5 in Conjurations
    93 | D:1      | Reached XP level 2. HP: 15/15 MP: 0/8
   694 | D:2      | Reached XP level 3. HP: 19/19 MP: 7/9
   834 | D:2      | Found a faded altar of an unknown god.
  1285 | D:3      | Found a snail-covered altar of Cheibriados.
  1320 | D:4      | Reached skill level 6 in Conjurations
  1359 | D:3      | Reached XP level 4. HP: 21/24 MP: 6/10
  1365 | D:3      | Learned a level 4 spell: Iskenderun's Mystic Blast
  1411 | D:4      | Noticed Robin
  1646 | D:3      | Slain by a gnoll

Vault maps used:
D:1:      dpeg_arrival_pits, serial_bayou_pond_c
D:2:      first_bread, ecumenical_altar_1
D:3:      old_standard_altar, nicolae_overflow_hidden_temple, marbit_many_paths
D:4:      uniq_robin

Skill      XL: |  1  2  3 |
---------------+----------+-----
Conjurations   | 5 6 |  6.2
Maces & Flails | |  0.7
Dodging        | |  2.4
Stealth        | |  2.4
Shields        | |  0.7
Spellcasting   | |  3.3

Action                   |  1- 3 |  4- 6 || total
-------------------------+-------+-------++-------
Melee: Whip              |    45 |    21 ||    66
 Cast: Magic Dart        |    59 |    18 ||    77
       Iskenderun's Myst |       |     2 ||     2
 Stab: Sleeping          |     2 |     6 ||     8
  Eat: Chunk             |     1 |     1 ||     2
Armor: Robe              |     5 |     4 ||     9
Dodge: Dodged            |    41 |    17 ||    58
